 Dungeon Crawl Stone Soup version 0.16.1-7-g2c6721e (webtiles) character file.

10556 Sachiko the Grappler (level 11, -9/105 HPs)
             Began as a Troll Monk on Mar 29, 2015.
             Mangled by a black mamba (10 damage)
             ... on level 3 of the Lair of Beasts.
             The game lasted 00:44:02 (8435 turns).

Sachiko the Grappler (Troll Monk)                   Turns: 8435, Time: 00:44:03

Health: -9/105     AC:  8    Str: 24    XL:     11   Next: 37%
Magic:  4/4        EV: 10    Int:  6    God:
Gold:   436        SH: 29    Dex: 15    Spells: 0 memorised, 10 levels left

rFire  . . .     SeeInvis .       - Unarmed
rCold  . . .     Clarity  .     a - +1 robe
rNeg   + . .     SustAb   .     s - +18 shield of the gong {rElec rN+ MR+ EV-5}
rPois  .         Gourm    +     (helmet restricted)
rElec  +         Spirit   .     v - +1 cloak {+Inv}
rCorr  .         Warding  .     (gloves unavailable)
rMut   .         Stasis   .     (boots unavailable)
MR     +....                    r - amulet of regeneration (curse)
Stlth  ++........               (no ring)
                                g - +3 ring of dexterity

@: lethally poisoned (-9 -> -11), about to teleport, somewhat resistant to
hostile enchantments, unstealthy
A: unfitting armour, claws 3, fast metabolism 3, gourmand, regeneration 2,
shaggy fur 1, tough skin 2
a: Evoke Invisibility


You were on level 3 of the Lair of Beasts.
You were very full.

You visited 2 branches of the dungeon, and saw 13 of its levels.

You collected 436 gold pieces.

Inventory:

Armour
 a - a +1 robe (worn)
 n - a +0 cloak
 s - the +18 shield of the gong (worn) {rElec rN+ MR+ EV-5}
   (You acquired it on level 5 of the Dungeon)

   It affects your evasion (-5).
   It insulates you from electricity.
   It protects you from negative energy.
   It affects your resistance to hostile enchantments.
 v - a +1 cloak of invisibility (worn)
 H - the +0 robe of Immorality {rF+ rC+ Int-5}
   (You found it on level 10 of the Dungeon)

   It affects your intelligence (-5).
   It protects you from fire.
   It protects you from cold.
Jewellery
 d - a cursed ring of loudness
 e - an uncursed amulet of regeneration
 g - a +3 ring of dexterity (left claw)
 r - a cursed amulet of regeneration (around neck)
 y - a cursed ring of teleport control {unknown}
 D - an uncursed ring of protection from cold {unknown}
Magical devices
 j - a wand of confusion (37)
 t - a wand of slowing (19)
 w - a wand of fireball (7)
 x - a wand of magic darts (18)
 C - a wand of frost (30)
 F - a wand of magic darts (15)
Scrolls
 f - a scroll of amnesia
 h - 2 scrolls of remove curse
 k - 7 scrolls of identify
 m - 2 scrolls of teleportation
 G - a scroll of immolation {unknown}
 I - a scroll of enchant armour
Potions
 l - a potion of flight
 o - 2 potions of restore abilities
 q - 2 potions of haste
 u - a potion of agility
Books
 p - a book of Clouds

   Spells                             Type                      Level
   a - Mephitic Cloud                 Conjuration/Poison/Air       3
   b - Conjure Flame                  Conjuration/Fire             3
   c - Poisonous Cloud                Conjuration/Poison/Air       6
   d - Freezing Cloud                 Conjuration/Ice/Air          6
   e - Ring of Flames                 Charms/Fire                  7
Comestibles
 b - 9 meat rations
 c - 6 bread rations
 i - a royal jelly
 z - 8 slices of pizza
 A - a beef jerky
 B - 5 fruits
 E - 4 chunks of flesh


   Skills:
 + Level 6.1 Fighting
 + Level 9.2 Dodging
 - Level 1.1 Stealth
 + Level 8.5 Shields
 + Level 9.5 Unarmed Combat


You had 10 spell levels left.
You didn't know any spells.

Dungeon Overview and Level Annotations

Branches:
Dungeon (10/15)            Temple (0/1) D:7            Lair (3/8) D:10
  Swamp: Lair:3-6    Shoals: Lair:3-6     Snake: Lair:3-6    Spider: Lair:3-6
    Orc: D:9-12

Altars:
Elyvilon
Fedhas
Gozag
Makhleb
Nemelex Xobeh
Sif Muna
Trog
Xom
Zin

Shops:
D:8 %*%


Innate Abilities, Weirdness & Mutations

You are too large for most types of armour.
You have claws for hands.
Your metabolism is lightning-fast.
You like to eat raw meat.
You heal very quickly.
You are covered in fur (AC +1).
You have very tough skin (AC +2).


Message History

* * * LOW HITPOINT WARNING * * *
You block the five-headed hydra's attack.
GONNNNG!
The five-headed hydra barely misses you.
The five-headed hydra bites you!
* * * LOW HITPOINT WARNING * * *
The black mamba bites you!
* * * LOW HITPOINT WARNING * * *
Found a stone staircase leading down.
A black bear comes into view.
Drink which item? (? for menu, Esc to quit)
Okay, then.
Read which item? (? for menu, Esc to quit)
As you read the scroll of teleportation, it crumbles to dust.
You feel strangely unstable.
* * * LOW HITPOINT WARNING * * *
You feel sick. You block the black mamba's attack.
BOUMMMMG!
The black mamba bites you!
You die...

.. ##....####. ....
........... .....+
........... .......
#...#.#... #.......##
###....#.#..
.......#.####.#.........
........FS.Y......S.....
.........DFYS...l........
....%...@SlSSYD..........
.........S..Yr...........
.....h##..##.#..........
###... ######...........
#.. ##......##.# #...
P......#### .> ##.....##
. .....#


You could see a seven-headed hydra, a five-headed hydra (bleeding), a komodo
dragon, 3 black mambas, 4 yaks, a spiny frog, a water moccasin, a black bear, a
giant frog, an iguana, 2 adders and a river rat.

Vanquished Creatures
  Nergalle (Lair:1)
  Pikel (D:8)
  Maurice (D:9)
  A black mamba (Lair:1)
  Psyche (D:8)
  2 spiny frogs
  A centaur skeleton (D:9)
  2 komodo dragons
  4 blink frogs (Lair:1)
  9 yaks
  Eustachio (D:7)
  A wyvern (D:9)
  A hippogriff (D:7)
  A hungry ghost (D:10)
  A human (D:8)
  18 water moccasins
  A porcupine (Lair:1)
  A wasp (D:7)
  A black bear (D:10)
  An ice beast (D:9)
  A slave (D:8)
  2 orc warriors (D:8)
  A phantom (D:10)
  4 centaurs
  A sky beast (D:10)
  2 crocodiles (Lair:1)
  4 giant frogs
  5 hounds
  A jelly (D:9)
  3 giant frog zombies
  3 crimson imps
  5 iguanas
  An orc priest (D:3)
  A giant frog skeleton (D:10)
  Natasha (thrice) (D:4)
  5 worker ants
  Ijyb (D:2)
  A worker ant zombie (D:5)
  2 mummies
  Robin (D:4)
  24 adders
  3 gnolls (D:6)
  11 river rats (Lair:1)
  2 giant mites
  A shadow imp (D:5)
  3 worms
  2 adder skeletons
  15 orcs
  14 bats
  6 giant cockroaches
  18 hobgoblins
  6 jackals
  2 quokkas (D:10)
  5 giant geckos
  A giant gecko skeleton (D:4)
  6 giant newts
  A giant spore (D:6)
  21 goblins
  2 jackal skeletons (D:5)
  7 kobolds
  18 rats
  2 ballistomycetes (D:6)
  A fungus (Lair:1)
268 creatures vanquished.

Vanquished Creatures (others)
  3 slaves (D:8)
  3 plants (D:10)
6 creatures vanquished.

Grand Total: 274 creatures vanquished

Notes
Turn   | Place    | Note
--------------------------------------------------------------
     0 | D:1      | Sachiko, the Troll Monk, began the quest for the Orb.
     0 | D:1      | Reached XP level 1. HP: 22/22 MP: 1/1
   194 | D:1      | Reached XP level 2. HP: 29/29 MP: 1/1
   328 | D:1      | Found a shimmering altar of Xom.
   718 | D:2      | Reached XP level 3. HP: 34/36 MP: 2/2
   790 | D:2      | Noticed Ijyb
   806 | D:2      | Killed Ijyb
   838 | D:2      | Found a bloodstained altar of Trog.
   946 | D:2      | Reached XP level 4. HP: 44/44 MP: 2/2
  1048 | D:2      | Found a sparkling altar of Nemelex Xobeh.
  1048 | D:2      | Found a burning altar of Makhleb.
  1048 | D:2      | Found a glowing silver altar of Zin.
  1362 | D:3      | Reached skill level 5 in Unarmed Combat
  1511 | D:3      | Found a blossoming altar of Fedhas.
  1759 | D:4      | Noticed Robin
  1765 | D:4      | Reached XP level 5. HP: 47/53 MP: 2/2
  2280 | D:4      | Noticed Natasha
  2290 | D:4      | Killed Natasha
  2333 | D:4      | Killed Robin
  2471 | D:4      | Noticed Natasha
  2474 | D:4      | Killed Natasha
  2659 | D:4      | Noticed Natasha
  2666 | D:4      | Killed Natasha
  2666 | D:4      | Reached XP level 6. HP: 55/61 MP: 3/3
  2852 | D:5      | Entered Level 5 of the Dungeon
  3404 | D:5      | Identified a scroll of acquirement
  4134 | D:6      | Found a deep blue altar of Sif Muna.
  4138 | D:6      | Found a white marble altar of Elyvilon.
  4143 | D:6      | Found an opulent altar of Gozag.
  4490 | D:7      | Reached skill level 1 in Shields
  4490 | D:7      | Reached skill level 6 in Unarmed Combat
  4490 | D:7      | Reached XP level 7. HP: 59/68 MP: 3/3
  4516 | D:7      | Found a deep blue altar of Sif Muna.
  4560 | D:7      | Noticed Eustachio
  4765 | D:7      | Noticed a hippogriff
  4775 | D:7      | Killed a hippogriff
  4775 | D:7      | Reached skill level 5 in Dodging
  4945 | D:7      | Found a staircase to the Ecumenical Temple.
  5024 | D:7      | Killed Eustachio
  5024 | D:7      | Reached XP level 8. HP: 67/78 MP: 3/3
  5547 | D:8      | Noticed Psyche
  5564 | D:8      | Killed Psyche
  5564 | D:8      | Reached skill level 7 in Unarmed Combat
  5567 | D:8      | Found Umeam's Assorted Antiques.
  5651 | D:8      | Noticed Pikel
  5691 | D:8      | Killed Pikel
  5691 | D:8      | Reached XP level 9. HP: 85/85 MP: 4/4
  5840 | D:8      | Found Yqaep's Food Boutique.
  5905 | D:8      | Found Mariddes' Food Shop.
  6139 | D:9      | Noticed Maurice
  6143 | D:9      | Reached skill level 5 in Shields
  6146 | D:9      | Noticed a centaur skeleton
  6151 | D:9      | Killed Maurice
  6165 | D:9      | Killed a centaur skeleton
  6165 | D:9      | Reached skill level 5 in Fighting
  6167 | D:9      | Reached skill level 8 in Unarmed Combat
  6659 | D:9      | Reached XP level 10. HP: 79/96 MP: 4/4
  7229 | D:10     | Entered Level 10 of the Dungeon
  7359 | D:10     | Found a staircase to the Lair.
  7414 | Lair:1   | Entered Level 1 of the Lair of Beasts
  7566 | D:10     | Reached skill level 9 in Unarmed Combat
  7687 | D:10     | Got a transparent robe
  7688 | D:10     | Identified the +0 robe of Immorality {rF+ rC+ Int-5} (You found it on level 10 of the Dungeon)
  7872 | Lair:1   | Reached XP level 11. HP: 105/105 MP: 4/4
  7885 | Lair:1   | Noticed a black mamba
  7888 | Lair:1   | Noticed Nergalle
  8078 | Lair:1   | Killed a black mamba
  8089 | Lair:1   | Killed Nergalle
  8407 | Lair:3   | Noticed a seven-headed hydra
  8428 | Lair:3   | Noticed a four-headed hydra
  8434 | Lair:3   | HP: 2/105 [black mamba (9)]
  8435 | Lair:3   | Mangled by a black mamba

Action                   |  1- 3 |  4- 6 |  7- 9 | 10-12 || total
-------------------------+-------+-------+-------+-------++-------
Melee: Unarmed           |    95 |   218 |   244 |   432 ||   989
Evoke: Wand              |       |     1 |       |     1 ||     2
  Use: Potion            |       |    12 |     5 |     3 ||    20
       Scroll            |       |    13 |     4 |     3 ||    20
 Stab: Sleeping          |     2 |       |       |     1 ||     3
  Eat: Chunk             |     5 |    35 |    18 |    26 ||    84
       Bread ration      |       |     1 |       |       ||     1
       Pizza             |       |       |     1 |       ||     1
